 Dungeon Crawl Stone Soup version 0.29-a0-410-g9596d59a08 (webtiles) character file.

Game seed: 11502022579467693806

23 Bruhh the Insei (level 3, -4/28 HPs)
             Began as a Gnoll Transmuter on May 14, 2022.
             Slain by Sigmund
             ... wielding a +0 scythe
              (13 damage)
             ... on level 2 of the Dungeon.
             The game lasted 00:01:15 (1517 turns).

Bruhh the Insei (Gnoll Transmuter)                  Turns: 1517, Time: 00:01:16

Health: -4/28      AC:  2    Str:  9    XL:     3   Next: 0%
Magic:  9/9        EV: 13    Int: 14    God:
Gold:   59         SH:  0    Dex: 12    Spells: 8/11 levels left

rFire   . . .      SeeInvis .     - Unarmed
rCold   . . .      Faith    .   (no shield)
rNeg    . . .      Spirit   .   a - +0 robe
rPois   .          Reflect  .   (no helmet)
rElec   .          Harm     .   (no cloak)
rCorr   .          Rampage  .   (no gloves)
Will    .....                   (no boots)
Stlth   +.........              i - amulet of the acrobat
HPRegen 0.09/turn               (no ring)
MPRegen 0.11/turn               (no ring)

@: no status effects
A: fangs 1, strong nose, distributed training
a: no special abilities


You were on level 2 of the Dungeon.
You visited 1 branch of the dungeon, and saw 2 of its levels.

You collected 59 gold pieces.

Inventory:

Missiles
 l - a throwing net
Armour
 a - a +0 robe (worn)
Jewellery
 i - an amulet of the acrobat (around neck)
Scrolls
 d - 3 scrolls of amnesia {unknown}
 h - a scroll of poison {unknown}
Potions
 b - a potion of lignification
 c - a potion of haste {unknown}
 e - 2 potions of mutation {unknown}
 f - a potion of experience {unknown}
 g - a potion of berserk rage {unknown}
 j - a potion of might {unknown}
 k - a potion of curing {unknown}


   Skills:
 + Level 2.5 Fighting
 + Level 0.5 Short Blades
 + Level 0.5 Long Blades
 + Level 0.5 Axes
 + Level 0.5 Maces & Flails
 + Level 0.5 Polearms
 + Level 0.5 Staves
 + Level 0.5 Slings
 + Level 0.5 Bows
 + Level 0.5 Crossbows
 + Level 0.5 Throwing
 + Level 0.5 Armour
 + Level 4.5 Dodging
 + Level 0.5 Stealth
 + Level 0.5 Shields
 + Level 6.5 Unarmed Combat
 + Level 4.9 Spellcasting
 + Level 0.4 Conjurations
 + Level 0.4 Hexes
 + Level 0.4 Summonings
 + Level 0.4 Necromancy
 + Level 0.4 Translocations
 + Level 3.7 Transmutations
 + Level 0.4 Fire Magic
 + Level 0.4 Ice Magic
 + Level 0.4 Air Magic
 + Level 0.4 Earth Magic
 + Level 0.4 Poison Magic
 + Level 0.7 Invocations
 + Level 0.5 Evocations


You had 8 spell levels left.
You knew the following spells:

 Your Spells              Type           Power      Damage    Failure   Level
a - Beastly Appendage     Tmut           26%        N/A       3%          1
b - Wereblood             Tmut           13%        N/A       6%          2

Your spell library contained the following spells:

 Spells                   Type           Power      Damage    Failure   Level
 Spider Form              Tmut/Pois      9%         N/A       22%         3
 Gell's Gravitas          Tloc           4%         N/A       41%         3
 Lesser Beckoning         Tloc           4%         N/A       41%         3
 Teleport Other           Tloc           4%         N/A       41%         3
 Tukima's Dance           Hex            4%         N/A       41%         3
 Ice Form                 Ice/Tmut       9%         N/A       58%         4
 Passage of Golubria      Tloc           4%         N/A       83%         4
 Yara's Violent Unravell  Hex/Tmut       4%         3d4       91%         5


Dungeon Overview and Level Annotations

Branches:
Dungeon (2/15)

Altars:

Annotations:
D:2 Sigmund


Innate Abilities, Weirdness & Mutations

You have very sharp teeth.
Your uncanny sense of smell can sniff out nearby items.
Your experience applies equally to all skills.


Message History

Key pressed, stopping explore.
There is an open door here.
There is an open door here.
There is an escape hatch in the ceiling here.
You open the door.
There is an open door here.
Sigmund the Dreaded comes into view.
He is wielding a +0 scythe.
Sigmund is nearby!
Sigmund is nearby!
Sigmund is nearby!
Sigmund is nearby!
Sigmund is nearby!
A worm comes into view.
You miscast Beastly Appendage.
You are very lightly contaminated with residual magic.
Nothing appears to happen.
Sigmund gestures at you while chanting.
You are confused.
Unknown command.
Okay, then.
Really quaff the potion of lignification?
Okay, then.
Sigmund hits you from afar with a +0 scythe!
Sigmund screams, "Don't try to resist!"
Sigmund mumbles some strange words.
Sigmund flickers and vanishes!
Deactivating autopickup; reactivate with Ctrl-A.
Something misses you.
You hit the worm.
The worm is moderately wounded.
Something hits you but does no damage.
You feel less confused. The worm bites you!
* * * LOW HITPOINT WARNING * * *
Something misses you.
Your magical contamination has completely faded away.
A worm is nearby!
There is a stone staircase leading up here.
Something hits you!
You die...

#.# #.#.....#.. .# #.#
#.#.#.####.. # #.#
#.#...####.#. #.#
#.##.....#....
#w###.##.###.#.# ##
############.#......#
#.#.#
#..........#.#...#### #.#
#..........#.#...# #.#
#..........#.#..@# #.#
#..........#.#...# #.#
#..........#.....# ###>#
#..........###...# #...#
#..........#.'...# ##'####
...........#.#...# #.>...#
.##..........#...###.....#
.##....###.######..'<....#
.......# #.#
#.##.....######


There were no monsters in sight!

Vanquished Creatures
  3 endoplasms
  A goblin (D:2)
  2 hobgoblins
  2 jackals (D:1)
  4 quokkas (D:1)
  3 ball pythons (D:1)
  2 bats
  A frilled lizard (D:2)
  3 rats
21 creatures vanquished.

Notes
Turn   | Place    | Note
-------+----------+-------------------------------------------
     0 | D:1      | Bruhh the Gnoll Transmuter began the quest for the Orb.
     0 | D:1      | Reached XP level 1. HP: 17/17 MP: 6/6
   117 | D:1      | Found a faded altar of an unknown god.
   380 | D:1      | Reached XP level 2. HP: 23/23 MP: 5/7
  1372 | D:2      | Learned a level 2 spell: Wereblood
  1428 | D:2      | Reached XP level 3. HP: 28/28 MP: 7/9
  1493 | D:2      | Noticed Sigmund
  1517 | D:2      | Slain by Sigmund

Illustrated notes

Levels and vault maps discovered:
D:1:      dpeg_arrival_shrine, layout_loops_corners,
          shapermc_ecumenical_altar_venn
D:2:      layout_basic, uniq_sigmund, uniq_jessica

Action                   || total
-------------------------++-------
Melee: Unarmed           ||    47
       Kick              ||    10
       Headbutt          ||     6
       Bite              ||     3
       Punch             ||     1
 Cast: Beastly Appendage ||    22
 Stab: Sleeping          ||     1
Armor: Robe              ||     6
Dodge: Dodged            ||    35

Table legend: (Time is in decaauts)
 A = Elapsed time spent in this place.
 B = Non-inter-level travel time spent in this place.
 C = Inter-level travel time spent in this place.
 D = Time resting spent in this place.
 E = Time spent auto-exploring this place.
 F = Levels seen in this place.
 G = Mean time per level.
                   A        B        C        D        E       F      G
               +--------+--------+--------+--------+--------+-----+--------+
         Total |   1512 |   1493 |     19 |      0 |   1306 |   2 |  756.0 |
       Dungeon |   1512 |   1493 |     19 |      0 |   1306 |   2 |  756.0 |
               +--------+--------+--------+--------+--------+-----+--------+

Top non-repeatable levels by time:
     D:1: 1108 daAuts
     D:2: 404 daAuts
